 Dungeon Crawl Stone Soup version 0.29.1-2-gbd0b4ee654 (webtiles) character file.

Game seed: 7643221677012462786

11 H0rd4k the Charlatan (level 2, 0/18 HPs)
             Began as an Octopode Artificer on Nov 3, 2022.
             Slain by a jackal (2 damage)
             ... on level 1 of the Dungeon.
             The game lasted 00:00:16 (334 turns).

H0rd4k the Charlatan (Octopode Artificer)            Turns: 334, Time: 00:00:17

Health: 0/18       AC:  1    Str: 11    XL:     2   Next: 29%
Magic:  2/2        EV: 13    Int: 13    God:
Gold:   18         SH:  0    Dex: 12    Spells: 1/1 levels left

rFire   . . .      SeeInvis .   a - +0 club
rCold   . . .      Faith    .   (no shield)
rNeg    . . .      Spirit   .   (helmet restricted)
rPois   .          Reflect  .   (no amulet)
rElec   .          Harm     .   (no ring)
rCorr   .          Rampage  .   (no ring)
Will    .....                   (no ring)
Stlth   +++.......              (no ring)
HPRegen 0.06/turn               (no ring)
MPRegen 0.08/turn               (no ring)
                                (no ring)
                                (no ring)

@: no status effects
A: almost no armour, amphibious, 8 rings, camouflage 1, gelatinous body 1,
(nimble swimmer 1), tentacles
a: no special abilities


You were on level 1 of the Dungeon.
You visited 1 branch of the dungeon, and saw 1 of its levels.

You collected 18 gold pieces.

Inventory:

Hand Weapons
 a - a +0 club (weapon)
Wands
 b - a wand of flame (15) (quivered)
 c - a wand of charming (15)
 d - a wand of iceblast (5)
Scrolls
 f - a scroll of identify {unknown}
 g - a scroll of teleportation {unknown}
Potions
 e - 2 potions of lignification {unknown}


   Skills:
 + Level 1.1 Fighting
 + Level 0.6 Maces & Flails
 + Level 2.3 Dodging
 - Level 1.3 Stealth
 + Level 3.8 Evocations


You had one spell level left.
You didn't know any spells.
Your spell library was empty.

Dungeon Overview and Level Annotations

Branches:
Dungeon (1/15)

Altars:


Innate Abilities, Weirdness & Mutations

You cannot wear most types of armour.
You are amphibious.
You can wear up to eight rings at the same time.
Your skin changes colour to match your surroundings (Stealth+).
Your rubbery body absorbs attacks. (AC +1, EV +1)
((You are camouflaged when in or above water. (Stealth+)))
You have tentacles for arms and can constrict up to eight enemies at once.


Message History

You closely miss the jackal. Your grab misses the jackal. The jackal bites you.
A jackal comes into view.
The jackal barks!
You hit the jackal but do no damage. Your grab misses the jackal.
You squeeze the jackal.
You kill the jackal!
The ball python closely misses you. The ball python grabs you.
The ball python constricts you.
You escape the ball python's grasp.
The jackal misses you. The jackal bites you. The jackal closely misses you.
There is a stone staircase leading down here.
The ball python bites you. The ball python grabs you.
The ball python constricts you.
You escape the ball python's grasp.
You hit the jackal. Your grab misses the jackal.
Your squeeze misses the jackal.
The jackal is heavily wounded.
The jackal bites you. The jackal barely misses you.
You barely miss the jackal. You grab the jackal.
The jackal is heavily wounded.
You constrict the jackal, but do no damage.
The jackal bites you. The jackal closely misses you.
You barely miss the jackal. You squeeze the jackal.
You kill the jackal!
The ball python closely misses you. x2
You hit the ball python but do no damage.
You grab the ball python. You constrict the ball python.
The ball python bites you.
* * * LOW HITPOINT WARNING * * *
The ball python closely misses you.
You hit the ball python.
You kill the ball python!
The jackal bites you.
* * * LOW HITPOINT WARNING * * *
You hit the jackal. Your grab misses the jackal.
The jackal is severely wounded.
The jackal barely misses you. The jackal bites you.
You die...

.# .. .# .. ###.### .# .$.
#.. ..#####.##... #
#.#.#.#......... ######
#.#.#.#.......####
.....### #.#..h..†.#.#.#..
#...†..# #.###h#h........#
#.##.#.# #.###@#..$..#.##
#.##.#.#####.....##......#
#.##.........######.hh...#
#.####)#####.# ###...##
#.####.### #.# #...#
.........###.# #...#
......#......# #†..#
......#..##### .......
......#..# ..........


You could see 2 jackals.

Vanquished Creatures
  2 ball pythons (D:1)
  An endoplasm (D:1)
  A giant cockroach (D:1)
  2 jackals (D:1)
  A quokka (D:1)
  A goblin (D:1)
  2 kobolds (D:1)
10 creatures vanquished.

Notes
Turn   | Place    | Note
-------+----------+-------------------------------------------
     0 | D:1      | H0rd4k the Octopode Artificer began the quest for the Orb.
     0 | D:1      | Reached XP level 1. HP: 13/13 MP: 1/1
   200 | D:1      | Reached XP level 2. HP: 11/18 MP: 2/2
   334 | D:1      | Slain by a jackal

Illustrated notes

Levels and vault maps discovered:
D:1:      amcnicky_arrival_choice, layout_loops_cross, serial_shops,
          nicolae_shop_overgrown_old_shop

Action                   || total
-------------------------++-------
Melee: Club              ||    32
       Constrict         ||     6
       Tentacles         ||     4
 Stab: Sleeping          ||     1
Armor: Skin              ||     2
Dodge: Dodged            ||    32
